 Dungeon Crawl Stone Soup version 0.28.0 (webtiles) character file.

Game seed: 18110525243430430378

894 AmazingTV the Covered (level 7, 0/63 HPs)
             Began as a Minotaur Fighter on July 1, 2022.
             Shot with an arrow by a centaur (10 damage)
             ... on level 5 of the Dungeon.
             The game lasted 00:12:01 (4541 turns).

AmazingTV the Covered (Minotaur Fighter)            Turns: 4541, Time: 00:12:01

Health: 0/63       AC:  7    Str: 22    XL:     7   Next: 78%
Magic:  6/6        EV: 24    Int:  5    God:
Gold:   190        SH:  7    Dex: 10    Spells: 6/6 levels left

rFire   . . .      SeeInvis .   b - +2 hand axe (venom) {axe}
rCold   . . .      Faith    .   c - +2 buckler
rNeg    . . .      Spirit   .   l - +0 scale mail
rPois   .          Reflect  .   (helmet restricted)
rElec   .          Harm     .   (no cloak)
rCorr   .          Rampage  .   (no gloves)
Will    .....                   (no boots)
Stlth   ..........              k - amulet of the acrobat
HPRegen 0.20/turn               (no ring)
MPRegen 0.10/turn               (no ring)

@: acrobatic
A: horns 2, retaliatory headbutt
a: no special abilities


You were on level 5 of the Dungeon.
You visited 1 branch of the dungeon, and saw 5 of its levels.
You also visited: Ossuary.

You collected 190 gold pieces.


Innate Abilities, Weirdness & Mutations

You have a pair of horns on your head.
You reflexively headbutt those who attack you in melee.


   Skills:
 + Level 6.1 Fighting
 + Level 3.7(5.1) Axes
 + Level 5.4(6.0) Maces & Flails
 + Level 6.1 Armour
 + Level 6.1 Shields


You had 6 spell levels left.
You didn't know any spells.
Your spell library contained the following spells:

 Spells                   Type           Power      Damage    Failure   Level
 Animate Skeleton         Necr           0%         N/A       86%         1
 Apportation              Tloc           0%         N/A       86%         1
 Slow                     Hex            0%         N/A       86%         1
 Summon Small Mammal      Summ           0%         N/A       86%         1
 Confusing Touch          Hex            0%         N/A       99%         3
 Vampiric Draining        Necr           0%         2d6       99%         3

Inventory:

Hand Weapons
 a - a +0 flail of electrocution {mace}
 b - a +2 hand axe of venom (weapon) {axe}
   (You took it off Terence on level 2 of the Dungeon)
 g - a +2 dagger of draining {short}
   (You found it on level 1 of the Dungeon)
Missiles
 f - 96 stones (quivered)
 s - 3 silver boomerangs
 u - 30 arrows
 w - 22 sling bullets
 G - 4 poisoned darts
 H - 3 javelins
Armour
 c - a +2 buckler (worn)
 l - a +0 scale mail (worn)
Jewellery
 k - an amulet of the acrobat (around neck)
   (You found it on level 2 of the Dungeon)
 D - an amulet of faith {!P}
   (You found it on level 4 of the Dungeon)
Scrolls
 e - a scroll of magic mapping {unknown}
 h - 2 scrolls of identify {@r1}
 j - 3 scrolls of enchant armour
 o - 5 scrolls of teleportation {@r4}
 p - 2 scrolls of fear {unknown}
 v - a scroll of silence {unknown}
 y - 2 scrolls of immolation {unknown}
 C - 2 scrolls of vulnerability {unknown}
 E - a scroll of blinking {unknown}
 I - a scroll of acquirement {unknown}
Potions
 d - a potion of might
 i - 2 potions of magic {unknown}
 m - 2 potions of lignification {!q}
 n - a potion of brilliance {unknown}
 q - 4 potions of flight
 r - a potion of mutation {unknown}
 t - a potion of resistance {unknown}
 x - 2 potions of heal wounds {unknown}
 z - 2 potions of curing {@q1}
 A - a potion of degeneration {unknown}
 B - 2 potions of berserk rage {!q}
 F - a potion of attraction {unknown}
 J - a potion of haste {unknown}
 K - a potion of cancellation {unknown}

Dungeon Overview and Level Annotations

Branches:
Dungeon (5/15)            Ossuary (visited)
 Temple: D:4-7

Altars:

Portals:
Abyss:

D:1*** ####.....## #### #
###..## # ##..# ## #..##
#. ##..# #. #..## ##.
######.## #..
#......)#### ##..
#......)@).## #..#
#............#### ##Y.#
##.........)....####
#..##
#...........Y..c..###..#
##..........###.......###
###.......## ###..).##.#
####....# ###......
###### ##..... #.....#


You could see a sky beast and a centaur.


Message History

The ogre hits you with a +0 giant club!!
An orc comes into view. It is wielding a +0 flail. 😮 HP[-17]
You take 17 damage, and now have 35/62 hp.
MASSIVE DAMAGE!! (PAUSE) 😮 HP[+1]
The orc shouts!
You hit the ogre. You headbutt the ogre.
You kill the ogre!
Your Fighting skill increases to level 6!
Your Armour skill increases to level 6!
Your Shields skill increases to level 6!
You now have 63 max hp (+1). 😮 HP[+1]
The orc shouts!
You slash the orc!
You kill the orc!
You barely miss the orc. The orc misses you. The orc barely misses you.
You furiously retaliate!
You headbutt the orc. The orc completely misses you. 😮 HP[+1]
You slash the orc!
You kill the orc!
You hit the orc priest.
The orc priest is poisoned.
Your headbutt misses the orc priest. You block the orc priest's attack.
You hit the orc priest. You hit the orc.
The orc priest calls down the wrath of Beogh upon you.
Beogh smites you!
* * * LOW HITPOINT WARNING * * *
The orc closely misses you. 😨 HP[-15]
You take 15 damage, and now have 23/63 hp.
MASSIVE DAMAGE!! (PAUSE)
You hit the orc priest but do no damage.
The orc priest looks as sick as possible!
You hit the orc.
The orc is poisoned.
The orc priest hits you with a +0 flail.
* * * LOW HITPOINT WARNING * * *
You block the orc's attack. 😨 HP[-1]
You take 1 damage, and now have 22/63 hp.
You kill the orc!
The orc priest calls down the wrath of Beogh upon you.
Pain shoots through your body!
* * * LOW HITPOINT WARNING * * *
😱 HP[-14]
You take 14 damage, and now have 8/63 hp.
MASSIVE DAMAGE!! (PAUSE)
You kill the orc priest!
The orc completely misses you.
You hit the orc but do no damage.
The orc is poisoned.
The orc hits you with a +0 flail.
* * * LOW HITPOINT WARNING * * *
😱 HP[-4]
You take 4 damage, and now have 4/63 hp.
A centaur comes into view.
The centaur shouts!
The centaur wields a +0 shortbow.
The centaur shoots an arrow.
The arrow misses you.
You feel better.
The centaur shoots an arrow.
The arrow hits you.
* * * LOW HITPOINT WARNING * * *
You block the orc's attack.
The centaur shoots an arrow.
You block the arrow. 😱 HP[+6]
You regained 6 hp, and now have 10/63 hp. 😱 HP[+1]
You kill the orc!
The centaur shoots an arrow.
The arrow barely misses you.
The centaur shoots an arrow.
The arrow misses you. 😱 HP[+1]
A sky beast comes into view.
The sky beast flickers out of sight!
Deactivating autopickup; reactivate with Ctrl-A.
A sky beast appears from thin air!
Reactivating autopickup. 😱 HP[+1]
The centaur shoots an arrow.
The arrow hits you.
* * * LOW HITPOINT WARNING * * *
😱 HP[-1]
You take 1 damage, and now have 12/63 hp.
The centaur shoots an arrow.
You block the arrow.
The centaur shoots an arrow.
The arrow misses you.
The centaur shoots an arrow.
You block the arrow.
The centaur shoots an arrow.
You block the arrow. 😱 HP[+1]
The centaur shoots an arrow.
The arrow completely misses you.
The centaur shoots an arrow.
You block the arrow. 😱 HP[+1]
The centaur shoots an arrow.
The arrow misses you. 😱 HP[+1]
The centaur shoots an arrow.
The arrow hits you.
* * * LOW HITPOINT WARNING * * *
😱 HP[-6]
You take 6 damage, and now have 9/63 hp. 😱 HP[+1]
The centaur shoots an arrow.
The arrow misses you.
The centaur shoots an arrow.
The arrow misses you.
You see here a +0 giant spiked club {mace}.
The centaur shoots an arrow.
The arrow completely misses you.
The centaur shoots an arrow.
The arrow hits you!
You die...

Skill      XL: |  1  2  3  4  5  6  7 |
---------------+----------------------+-----
Fighting       | 4 5 6 |  6.1
Armour         | 4 5 6 |  6.1
Shields        | 4 5 6 |  6.1
Maces & Flails | 3 4 5 |  5.4
Axes           | 2 3 |  3.7

Action                   |  1- 3 |  4- 6 |  7- 9 || total
-------------------------+-------+-------+-------++-------
Melee: Flail             |    64 |    22 |       ||    86
       Headbutt          |    10 |    23 |     7 ||    40
       Hand axe          |       |   120 |    25 ||   145
Throw: Stone             |       |     2 |       ||     2
  Use: Scroll            |       |     7 |       ||     7
       Potion            |       |     2 |     1 ||     3
Armor: Scale mail        |    31 |    35 |     8 ||    74
Dodge: Dodged            |    33 |    59 |    21 ||   113
Block: Buckler           |    10 |    23 |    17 ||    50

Levels and vault maps discovered:
D:1:      minmay_arrival_glassed_features, layout_basic,
          ebering_ecumenical_altar_rust, minmay_misc_feat_ornament,
          dk_noncrumbling_4
D:2:      layout_basic, uniq_jessica, uniq_terence
D:3:      wad_river_or_something, layout_loops_ring, uniq_sigmund
D:4:      layout_loops_corners, enter_ossuary_2
D:5:      layout_cave_pods, serial_shops, shop

Notes
Turn   | Place    | Note
-------+----------+-------------------------------------------
     0 | D:1      | AmazingTV the Minotaur Fighter began the quest for the Orb.
     0 | D:1      | Reached XP level 1. HP: 19/19 MP: 0/0
     0 | D:1      | magus.rc [v1.9.6]
     2 | D:1      | Found a faded altar of an unknown god.
   201 | D:1      | Reached XP level 2. HP: 27/27 MP: 1/1
   380 | D:1      | Reached skill level 4 in Fighting
   427 | D:1      | Reached skill level 4 in Armour
   438 | D:1      | Reached skill level 4 in Shields
   501 | D:1      | Reached skill level 3 in Maces & Flails
   556 | D:1      | Reached XP level 3. HP: 32/33 MP: 2/2
   930 | D:2      | You pick up a book of Debilitation and begin reading...
   930 | D:2      | You add the spells Slow, Vampiric Draining and Confusing
                  | Touch to your library.
   975 | D:2      | Noticed Jessica
   979 | D:2      | Killed Jessica
  1044 | D:2      | Reached XP level 4. HP: 41/41 MP: 3/3
  1135 | D:2      | Noticed Terence
  1144 | D:2      | Killed Terence
  1150 | D:2      | HP: 10/41 [poisoned by Terence]
  1717 | D:3      | Reached XP level 5. HP: 45/47 MP: 4/4
  1870 | D:3      | Reached skill level 1 in Axes
  2061 | D:3      | Noticed Sigmund
  2071 | D:3      | Killed Sigmund
  2072 | D:3      | Reached skill level 5 in Fighting
  2072 | D:3      | Reached skill level 2 in Axes
  2072 | D:3      | Reached skill level 4 in Maces & Flails
  2072 | D:3      | Reached skill level 5 in Armour
  2072 | D:3      | Reached skill level 5 in Shields
  2072 | D:3      | Reached XP level 6. HP: 40/56 MP: 5/5
  2900 | D:4      | Found a sand-covered staircase.
  2905 | Ossuary  | Entered an ossuary
  3488 | D:4      | You pick up a book of Cantrips and begin reading...
  3488 | D:4      | You add the spells Animate Skeleton, Summon Small Mammal
                  | and Apportation to your library.
  3991 | D:5      | Entered Level 5 of the Dungeon
  4124 | D:5      | Reached XP level 7. HP: 59/61 MP: 6/6
  4134 | D:5      | Reached skill level 3 in Axes
  4249 | D:5      | Reached skill level 5 in Maces & Flails
  4489 | D:5      | Reached skill level 6 in Fighting
  4489 | D:5      | Reached skill level 6 in Armour
  4489 | D:5      | Reached skill level 6 in Shields
  4501 | D:5      | HP: 8/63 [orc priest/nerve-wracking pain (14)]
  4507 | D:5      | HP: 10/63 [centaur/arrow (3)]
  4519 | D:5      | HP: 12/63 [centaur/arrow (1)]
  4537 | D:5      | HP: 9/63 [centaur/arrow (6)]
  4541 | D:5      | Shot with an arrow by a centaur

Vanquished Creatures
  Sigmund (D:3)
  2 ogres (D:5)
  A centaur (D:5)
  A gnoll sergeant (D:5)
  2 human zombies (Ossuary)
  A bullfrog skeleton (D:5)
  An orc priest (D:5)
  Jessica (D:2)
  Terence (D:2)
  An iguana (D:3)
  2 hound skeletons (D:4)
  3 mummies (Ossuary)
  3 gnolls (D:5)
  4 adders
  An adder skeleton (D:4)
  5 adder zombies (Ossuary)
  2 worms
  3 dart slugs
  7 orcs
  4 bats
  4 endoplasms
  3 giant cockroaches (D:1)
  4 goblins
  5 hobgoblins
  4 jackals
  7 kobolds
  2 quokkas (D:2)
  6 ball pythons
  4 frilled lizards
  A gnoll zombie (Ossuary)
  2 goblin zombies (Ossuary)
  A hobgoblin zombie (Ossuary)
  A jackal skeleton (D:3)
  2 kobold zombies (Ossuary)
  2 quokka zombies (Ossuary)
  6 rats
  3 rat zombies (Ossuary)
103 creatures vanquished.

Table legend:
 A = Non-vault XP
 B = Vault XP
 C = Vault XP percentage of total XP
 D = Non-vault monster count
 E = Vault monster count
 F = Vault count percentage of total count
                 A         B        C        D         E       F
            +---------+---------+-------+---------+---------+-------
      Total |     796 |     482 |  37.7 |      70 |      33 |  32.0
            +---------+---------+-------+---------+---------+-------
        D:1 |      42 |       0 |   0.0 |      24 |       0 |   0.0
        D:2 |      51 |      73 |  58.9 |      14 |       2 |  12.5
        D:3 |      65 |     229 |  77.9 |      10 |      10 |  50.0
        D:4 |      67 |       0 |   0.0 |       9 |       0 |   0.0
        D:5 |     571 |       0 |   0.0 |      13 |       0 |   0.0
    Ossuary |       0 |     180 | 100.0 |       0 |      21 | 100.0
            +---------+---------+-------+---------+---------+-------

Illustrated notes

Table legend:
 A = Kills in this place as a percentage of kills in entire the game.
 B = Kills by you in this place as a percentage of kills by you in the entire game.
 C = Kills by friends in this place as a percentage of kills by friends in the entire game.
 D = Other kills in this place as a percentage of other kills in the entire game.
 E = Experience gained in this place as a percentage of experience gained in the entire game.
 F = Experience gained in this place divided by the number of levels of this place that you have seen.
                   A       B       C       D       E      F
               +-------+-------+-------+-------+-------+----------------------
         Total | 100.0 | 100.0 |   N/A |   N/A | 100.0 | 213.0
       Dungeon |  79.6 |  79.6 |   N/A |   N/A |  85.9 | 219.6
       Ossuary |  20.4 |  20.4 |   N/A |   N/A |  14.1 | 180.0
               +-------+-------+-------+-------+-------+----------------------

Table legend: (Time is in decaauts)
 A = Elapsed time spent in this place.
 B = Non-inter-level travel time spent in this place.
 C = Inter-level travel time spent in this place.
 D = Time resting spent in this place.
 E = Time spent auto-exploring this place.
 F = Levels seen in this place.
 G = Mean time per level.
                   A        B        C        D        E       F      G
               +--------+--------+--------+--------+--------+-----+--------+
         Total |   4592 |   4344 |    248 |    823 |   2631 |   6 |  765.3 |
       Dungeon |   4100 |   3852 |    248 |    559 |   2559 |   5 |  820.0 |
       Ossuary |    492 |    492 |      0 |    264 |     72 |   1 |  492.0 |
               +--------+--------+--------+--------+--------+-----+--------+

Top non-repeatable levels by time:
     D:3: 1044 daAuts
     D:4: 996 daAuts
     D:1: 851 daAuts
     D:2: 654 daAuts
     D:5: 553 daAuts
 Ossuary: 492 daAuts
